[Event "7th Cesme Open-B 2019"]
[Site "Cesme"]
[Date "2019.06.27"]
[Round "6"]
[White "Acar, Cengiz Can"]
[Black "Altundal, Arda"]
[Result "1/2-1/2"]
[ECO "D37"]
[WhiteElo "1741"]
[BlackElo "1707"]
[Annotator "NA RC"]
[PlyCount "92"]
[EventDate "2019.06.24"]
[EventType "swiss"]
[EventCountry "TUR"]
[SourceTitle "playchess.com"]
[Source "ChessBase"]
[SourceQuality "1"]
[TimeControl "5400+30"]

1. d4 Nf6 2. Bf4 e6 3. Nf3 d5 4. e3 c6 5. c4 Be7 6. Nc3 O-O 7. Bd3 Nbd7 8. h3 a6 9. O-O dxc4 10. Bxc4 Nd5 11. Bg3 b5 12. Bb3 Nxc3 13. bxc3 Bb7 14. c4 c5 15. Ne5 Nxe5 16. Bxe5 Bd6 17. Bxd6 Qxd6 18. dxc5 Qxc5 19. cxb5 Rfd8 20. Qg4 axb5 21. Rac1 Qb6 22. Qb4 Qa5 23. Qe7 Bd5 24. Rc7 Rf8 25. Rd1 Bxb3 26. axb3 Qa3 27. b4 Rae8 28. Qc5 Qa4 29. Rdd7 Qa1+ 30. Kh2 Qf1 31. Qc2 Qa1 32. Qd3 Qe5+ 33. g3 Qb2 34. Qd2 Qxd2 35. Rxd2 Rb8 36. Rc5 Rfc8 37. Rdc2 Rxc5 38. Rxc5 Kf8 39. Kg2 Ke7 40. Kf3 Kd6 41. Rg5 g6 42. Rc5 f6 43. Kf4 e5+ 44. Kg4 h5+ 45. Kf3 f5 46. e4 Rb7 1/2-1/2

[Event "7th Cesme Open-B 2019"]
[Site "Cesme"]
[Date "2019.06.27"]
[Round "6"]
[White "Gece, Ugur"]
[Black "Aydin, Akin"]
[Result "0-1"]
[ECO "C01"]
[WhiteElo "1688"]
[BlackElo "1726"]
[Annotator "NA RC"]
[PlyCount "62"]
[EventDate "2019.06.24"]
[EventType "swiss"]
[EventCountry "TUR"]
[SourceTitle "playchess.com"]
[Source "ChessBase"]
[SourceQuality "1"]
[TimeControl "5400+30"]

1. e4 e6 2. d4 d5 3. exd5 exd5 4. Nc3 Bb4 5. Bd3 c6 6. Nge2 Nf6 7. Bg5 h6 8. Bh4 O-O 9. Qd2 Na6 10. O-O-O Bd6 11. f3 Nb4 12. g4 Nxd3+ 13. Qxd3 Re8 14. Rdg1 Qc7 15. Bg3 Nd7 16. g5 h5 17. g6 Rf8 18. gxf7+ Rxf7 19. Qg6 Nf6 20. Bh4 Qe7 21. Qh6 Bg4 22. Rxg4 hxg4 23. Qg6 Qe3+ 24. Kb1 Qxf3 25. Rg1 Re8 26. Bg3 Bxg3 27. Nxg3 Qf2 28. Rd1 Re1 29. Nf5 Rxd1+ 30. Nxd1 Qd2 31. Nfe3 Re7 0-1

[Event "7th Cesme Open-B 2019"]
[Site "Cesme"]
[Date "2019.06.28"]
[Round "7"]
[White "Algunerhan, Siar"]
[Black "Ozcan, Kadir Kutay"]
[Result "1-0"]
[ECO "B77"]
[WhiteElo "1770"]
[BlackElo "1820"]
[Annotator "NA"]
[PlyCount "73"]
[EventDate "2019.06.24"]
[EventType "swiss"]
[EventCountry "TUR"]
[SourceTitle "playchess.com"]
[Source "ChessBase"]
[SourceQuality "1"]
[TimeControl "5400+30"]

1. e4 c5 2. Nf3 d6 3. d4 cxd4 4. Nxd4 Nf6 5. Nc3 g6 6. Be3 Bg7 7. f3 Nc6 8. Bc4 O-O 9. Qd2 Nd7 10. O-O-O Nb6 11. Bb3 Na5 12. Qe2 Nxb3+ 13. axb3 a5 14. h4 a4 15. h5 axb3 16. cxb3 Ra1+ 17. Kc2 Rxd1 18. Qxd1 f5 19. hxg6 hxg6 20. Nde2 e5 21. Qd3 Qc7 22. Kb1 Bd7 23. Rc1 Nc8 24. Nd5 Qd8 25. Rc7 b5 26. Nec3 b4 27. Na4 Rf7 28. Rb7 fxe4 29. fxe4 Bxa4 30. Rxf7 Kxf7 31. bxa4 Qh4 32. Qb3 Qxe4+ 33. Ka2 Qg4 34. Nc7+ Ke7 35. Qg8 Bf8 36. Nd5+ Kd7 37. Nf6+ 1-0

[Event "7th Cesme Open-B 2019"]
[Site "Cesme"]
[Date "2019.06.28"]
[Round "7"]
[White "Aydin, Akin"]
[Black "Acar, Cengiz Can"]
[Result "1-0"]
[ECO "A01"]
[WhiteElo "1726"]
[BlackElo "1741"]
[Annotator "NA"]
[PlyCount "115"]
[EventDate "2019.06.24"]
[EventType "swiss"]
[EventCountry "TUR"]
[SourceTitle "playchess.com"]
[Source "ChessBase"]
[SourceQuality "1"]
[TimeControl "5400+30"]

1. b3 Nf6 2. Bb2 g6 3. Bxf6 exf6 4. c4 d5 5. cxd5 Qxd5 6. Nc3 Qa5 7. Nf3 Nc6 8. a3 Ne5 9. e3 c6 10. b4 Nxf3+ 11. gxf3 Qh5 12. h4 f5 13. Be2 f4 14. Ne4 Be7 15. exf4 Qf5 16. h5 Qxf4 17. hxg6 fxg6 18. Qb3 Bf5 19. Rxh7 O-O-O 20. Rxh8 Rxh8 21. O-O-O Qe5 22. d4 Qg7 23. Qe3 Qf7 24. Kb2 Rd8 25. Qb3 Be6 26. Qe3 Bf5 27. Ng5 Qf6 28. f4 Bd6 29. Nf3 Bg4 30. Ne5 Bxe2 31. Qxe2 Qxf4 32. Nxg6 Qf6 33. Qg4+ Kb8 34. f4 c5 35. Ne5 cxd4 36. Nd7+ Rxd7 37. Qxd7 Bxf4 38. Kb3 a6 39. Qxd4 Be5 40. Qd8+ Qxd8 41. Rxd8+ Kc7 42. Re8 Bf6 43. a4 Bg5 44. Kc4 Bh4 45. Kd5 Kb6 46. Rc8 Be1 47. Rc4 Bg3 48. Ke6 Be1 49. Kd7 Bg3 50. Kc8 Bd6 51. Rd4 Bf8 52. Rf4 Be7 53. Re4 Bf8 54. Re6+ Ka7 55. b5 axb5 56. axb5 Bc5 57. Kc7 Bb4 58. Ra6+ 1-0

[Event "7th Cesme Open-B 2019"]
[Site "Cesme"]
[Date "2019.06.28"]
[Round "7"]
[White "Koker, Turan Sevki"]
[Black "Cil, Batuhan"]
[Result "1/2-1/2"]
[ECO "A35"]
[WhiteElo "1725"]
[BlackElo "1740"]
[Annotator "NA"]
[PlyCount "142"]
[EventDate "2019.06.24"]
[EventType "swiss"]
[EventCountry "TUR"]
[SourceTitle "playchess.com"]
[Source "ChessBase"]
[SourceQuality "1"]
[TimeControl "5400+30"]

1. e4 c5 2. c3 g6 3. d4 cxd4 4. cxd4 d5 5. exd5 Nf6 6. Nf3 Bg7 7. Be2 O-O 8. O-O Nxd5 9. Nc3 Nc6 10. Qb3 Be6 11. Qxb7 Nxd4 12. Nxd4 Bxd4 13. Bh6 Re8 14. Rad1 Nxc3 15. bxc3 Qb6 16. Bf3 Rab8 17. Qxb6 Bxb6 18. Rd2 Red8 19. a4 Rxd2 20. Bxd2 Ba5 21. Rc1 Rc8 22. Kf1 Kg7 23. Be2 Bc4 24. Rb1 Bb6 25. Bxc4 Rxc4 26. Rb4 Rc7 27. Ke2 e5 28. Rb5 Bc5 29. a5 Kf6 30. f3 Ke6 31. Kd3 f5 32. Rb8 Rd7+ 33. Kc2 e4 34. fxe4 fxe4 35. Re8+ Kd5 36. Bf4 Bd6 37. Bxd6 Rxd6 38. Re7 Ra6 39. Rd7+ Ke5 40. g3 Rxa5 41. Rxh7 Ra2+ 42. Kb3 Ra1 43. Kc4 a5 44. Re7+ Kf5 45. Kb3 a4+ 46. Kb2 Rd1 47. Rf7+ Ke5 48. h3 Rd3 49. Re7+ Kf5 50. Rf7+ Ke6 51. Rf4 Ke5 52. Rf8 Rxg3 53. h4 e3 54. Kc2 Ke4 55. Ra8 Kf3 56. Rf8+ Ke2 57. c4 Rf3 58. Re8 Rf4 59. Kc3 Kf2 60. Kd3 Rxh4 61. Rxe3 Rxc4 62. Re2+ Kf3 63. Re3+ Kf4 64. Re6 Rc5 65. Rxg6 Ra5 66. Rg1 a3 67. Ra1 a2 68. Kc3 Ke4 69. Kb2 Kd3 70. Rxa2 Rb5+ 71. Kc1 Ke4 1/2-1/2

[Event "7th Cesme Open-B 2019"]
[Site "Cesme"]
[Date "2019.06.28"]
[Round "7"]
[White "Altundal, Arda"]
[Black "Gozubuyukoglu, Selami"]
[Result "1/2-1/2"]
[ECO "C76"]
[WhiteElo "1707"]
[BlackElo "1771"]
[Annotator "NA"]
[PlyCount "79"]
[EventDate "2019.06.24"]
[EventType "swiss"]
[EventCountry "TUR"]
[SourceTitle "playchess.com"]
[Source "ChessBase"]
[SourceQuality "1"]
[TimeControl "5400+30"]

1. e4 e5 2. Nf3 Nc6 3. Bb5 g6 4. O-O Bg7 5. c3 a6 6. Ba4 d6 7. d4 Bd7 8. Re1 Nge7 9. Bb3 O-O 10. Na3 Bg4 11. d5 Nb8 12. h3 Bc8 13. Bc2 Nd7 14. Nd2 Nf6 15. Nf1 Nh5 16. Ng3 Nf4 17. Ne2 g5 18. Nxf4 gxf4 19. Nc4 Ng6 20. Nd2 Qg5 21. Nf3 Qh5 22. Bd3 Kh8 23. Kh2 Bf6 24. Ng1 Qh6 25. g4 Bh4 26. Kg2 Rg8 27. Rf1 Bd7 28. Nf3 Rg7 29. Rh1 Bg5 30. Rh2 Nh4+ 31. Nxh4 Qxh4 32. f3 Qh6 33. Bd2 Bh4 34. Be1 Rf8 35. Bxh4 Qxh4 36. Qe1 Qh6 37. Qh1 f5 38. Kf2 Qh4+ 39. Ke2 fxe4 40. Bxe4 1/2-1/2

[Event "7th Cesme Open-B 2019"]
[Site "Cesme"]
[Date "2019.06.29"]
[Round "8"]
[White "Gozubuyukoglu, Selami"]
[Black "Asgharvand, Davood"]
[Result "0-1"]
[ECO "B90"]
[WhiteElo "1771"]
[BlackElo "1872"]
[Annotator "NA"]
[PlyCount "88"]
[EventDate "2019.06.24"]
[EventType "swiss"]
[EventCountry "TUR"]
[SourceTitle "playchess.com"]
[Source "ChessBase"]
[SourceQuality "1"]
[TimeControl "5400+30"]

1. e4 c5 2. Nf3 d6 3. d4 cxd4 4. Nxd4 Nf6 5. Nc3 a6 6. h3 g6 7. g4 Bg7 8. Bg2 Qc7 9. Be3 Nc6 10. O-O O-O 11. f4 Nxd4 12. Bxd4 e5 13. Be3 exf4 14. Bxf4 Qb6+ 15. Kh1 Qxb2 16. Qd2 Nxg4 17. Nd5 Ne5 18. Rab1 Qa3 19. Rb3 Qc5 20. Bh6 f6 21. Bxg7 Kxg7 22. Nb6 Be6 23. Rb2 Rad8 24. Rfb1 Rf7 25. a4 Rc7 26. a5 Rf8 27. Rd1 Rd8 28. Rdb1 Nf7 29. Na4 Qh5 30. Kh2 Rdd7 31. Nb6 Re7 32. Na8 Rc8 33. Nb6 Rc5 34. Na8 Rxa5 35. Qf2 b5 36. Qb6 Ra3 37. Rb3 Bxb3 38. cxb3 Ra2 39. Qe3 d5 40. Rf1 Rxe4 41. Qb6 Qe5+ 42. Kh1 Ree2 43. Rg1 Qg3 44. Nc7 Qxh3+ 0-1

[Event "7th Cesme Open-B 2019"]
[Site "Cesme"]
[Date "2019.06.29"]
[Round "8"]
[White "Algunerhan, Siar"]
[Black "Aydin, Akin"]
[Result "1-0"]
[ECO "C15"]
[WhiteElo "1770"]
[BlackElo "1726"]
[Annotator "NA"]
[PlyCount "49"]
[EventDate "2019.06.24"]
[EventType "swiss"]
[EventCountry "TUR"]
[SourceTitle "playchess.com"]
[Source "ChessBase"]
[SourceQuality "1"]
[TimeControl "5400+30"]

1. e4 e6 2. d4 d5 3. Nc3 Bb4 4. Bd3 dxe4 5. Bxe4 Nf6 6. Bf3 Nbd7 7. Nge2 O-O 8. Bg5 e5 9. O-O Be7 10. Ng3 h6 11. Be3 c5 12. d5 Nb6 13. Qe2 Ne8 14. Rad1 f5 15. d6 Bxd6 16. Nb5 Qe7 17. Rxd6 Nxd6 18. Bxc5 Rd8 19. Rd1 Nbc4 20. Bd5+ Be6 21. Nxf5 Qf6 22. Nfxd6 Bxd5 23. Rxd5 Nxd6 24. Nxd6 Rac8 25. Nxc8 1-0

[Event "7th Cesme Open-B 2019"]
[Site "Cesme"]
[Date "2019.06.29"]
[Round "8"]
[White "Cil, Batuhan"]
[Black "Kocakaplan, Emre"]
[Result "1/2-1/2"]
[ECO "A46"]
[WhiteElo "1740"]
[BlackElo "1718"]
[Annotator "NA"]
[PlyCount "113"]
[EventDate "2019.06.24"]
[EventType "swiss"]
[EventCountry "TUR"]
[SourceTitle "playchess.com"]
[Source "ChessBase"]
[SourceQuality "1"]
[TimeControl "5400+30"]

1. d4 Nf6 2. Nf3 e6 3. Bf4 c5 4. c3 Qb6 5. Qb3 Nd5 6. Bg3 cxd4 7. Qxb6 axb6 8. Nxd4 Bc5 9. e3 f5 10. Be2 f4 11. exf4 Bxd4 12. cxd4 Nb4 13. O-O N8c6 14. d5 Nd4 15. Nc3 h5 16. f5 Nxd5 17. Bc4 Nxc3 18. bxc3 Nxf5 19. Bc7 d5 20. Bd3 Bd7 21. Bxb6 Kf7 22. Rfc1 Rhc8 23. Bxf5 exf5 24. f4 Rc4 25. Bd4 Rca4 26. Rcb1 Bc6 27. Rb2 Re8 28. Kf2 Re4 29. g3 b5 30. a3 g6 31. h4 Ke6 32. Rb4 Ra8 33. Ra2 Kd7 34. Ra1 Rae8 35. Rb2 Kd6 36. Rd2 Ra8 37. Rb2 Ra6 38. Rb3 Ra8 39. Rb2 Re6 40. Rb4 Ree8 41. Rb2 Ra4 42. Rb3 Rea8 43. Ra2 Bd7 44. Ra1 Rc4 45. Ra2 Raa4 46. Rb4 Rcxb4 47. cxb4 Ra8 48. Ke3 Rc8 49. Bc5+ Kc6 50. Bd4 Re8+ 51. Be5 Kb6 52. Rc2 Bc6 53. Kd4 Ra8 54. Rc3 Re8 55. Rc5 Ra8 56. Rc3 Re8 57. Rc5 1/2-1/2

[Event "7th Cesme Open-B 2019"]
[Site "Cesme"]
[Date "2019.06.29"]
[Round "8"]
[White "Altundal, Arda"]
[Black "Koker, Turan Sevki"]
[Result "0-1"]
[ECO "C99"]
[WhiteElo "1707"]
[BlackElo "1725"]
[Annotator "NA"]
[PlyCount "100"]
[EventDate "2019.06.24"]
[EventType "swiss"]
[EventCountry "TUR"]
[SourceTitle "playchess.com"]
[Source "ChessBase"]
[SourceQuality "1"]
[TimeControl "5400+30"]

1. e4 e5 2. Nf3 Nc6 3. Bb5 a6 4. Ba4 Nf6 5. O-O Be7 6. Re1 b5 7. Bb3 d6 8. c3 O-O 9. h3 Na5 10. Bc2 c5 11. d4 Qc7 12. Nbd2 Rd8 13. Nf1 cxd4 14. cxd4 exd4 15. Nxd4 d5 16. e5 Ne4 17. f4 Bc5 18. Be3 Nc4 19. Qc1 Qb6 20. Rd1 Ra7 21. Nh2 Rc7 22. Nhf3 Qg6 23. Kh1 Qh5 24. Re1 Bg4 25. Qd1 Bxf3 26. Qxf3 Qxf3 27. gxf3 Nxe3 28. fxe4 Bxd4 29. Bb3 dxe4 30. Rac1 Rdc8 31. Rb1 Nc4 32. Rbd1 Bxb2 33. Rxe4 g6 34. e6 f5 35. e7 Re8 36. Rd8 Kf7 37. Re1 Rcxe7 38. Rxe7+ Rxe7 39. Ra8 Re6 40. a4 Re3 41. Ra7+ Kg8 42. Ra8+ Kg7 43. Ra7+ Kh6 44. Bc2 Re1+ 45. Kg2 Re2+ 46. Kf3 Rxc2 47. Rxa6 bxa4 48. Rxa4 Bc1 49. h4 Rc3+ 50. Kg2 Bxf4 0-1

[Event "7th Cesme Open-B 2019"]
[Site "Cesme"]
[Date "2019.06.30"]
[Round "9"]
[White "Asgharvand, Davood"]
[Black "Algunerhan, Siar"]
[Result "0-1"]
[ECO "D02"]
[WhiteElo "1872"]
[BlackElo "1770"]
[Annotator "NA"]
[PlyCount "92"]
[EventDate "2019.06.24"]
[EventType "swiss"]
[EventCountry "TUR"]
[SourceTitle "playchess.com"]
[Source "ChessBase"]
[SourceQuality "1"]
[TimeControl "5400+30"]

1. d4 Nf6 2. Bf4 e6 3. e3 d5 4. Nf3 Bd6 5. Bg3 O-O 6. Bd3 Nbd7 7. Nbd2 Qe7 8. Ne5 Bxe5 9. dxe5 Ne4 10. Bxe4 dxe4 11. Qg4 f5 12. exf6 Nxf6 13. Qf4 Bd7 14. O-O-O Qb4 15. Kb1 Nd5 16. Qe5 Rf5 17. Qd4 Qxd4 18. exd4 e3 19. Nf3 Bb5 20. Rhe1 exf2 21. Bxf2 Nf4 22. Nh4 Rf6 23. Bg3 Bc6 24. Rd2 Raf8 25. b3 b5 26. Re5 Nd5 27. Kb2 b4 28. a3 a5 29. axb4 axb4 30. Be1 Nc3 31. Rd3 Be4 32. Rg3 Rf2 33. Bxf2 Rxf2 34. Rxc3 bxc3+ 35. Kxc3 Rxc2+ 36. Kb4 Bd5 37. h3 Rf2 38. g4 c6 39. Rxd5 cxd5 40. g5 Kf7 41. Kc5 h6 42. gxh6 gxh6 43. b4 Kf6 44. b5 Kg5 45. Kd6 Kxh4 46. Kxe6 Rb2 0-1

[Event "7th Cesme Open-B 2019"]
[Site "Cesme"]
[Date "2019.06.30"]
[Round "9"]
[White "Uregen, Rafet"]
[Black "Ergani, Efe"]
[Result "1-0"]
[ECO "B07"]
[WhiteElo "1733"]
[BlackElo "1748"]
[Annotator "NA"]
[PlyCount "57"]
[EventDate "2019.06.24"]
[EventType "swiss"]
[EventCountry "TUR"]
[SourceTitle "playchess.com"]
[Source "ChessBase"]
[SourceQuality "1"]
[TimeControl "5400+30"]

1. e4 c5 2. c3 d6 3. d4 Nf6 4. Bd3 Nbd7 5. f4 e5 6. fxe5 dxe5 7. d5 c4 8. Bc2 Nxe4 9. Nf3 Nef6 10. Qe2 Qc7 11. Nbd2 Nxd5 12. Nxc4 f6 13. Nd4 N7b6 14. Nxb6 Nxb6 15. Nb5 Qd7 16. Be3 Be7 17. Rd1 Qc6 18. Bxb6 Qxb6 19. Qc4 Qe3+ 20. Kf1 Bc5 21. Nc7+ Kf8 22. Rd8+ Ke7 23. Nd5+ Kxd8 24. Nxe3 Bb6 25. Ke2 Bd7 26. Rd1 Rc8 27. Qf7 Rc7 28. Bf5 Bd4 29. Qd5 1-0

[Event "7th Cesme Open-B 2019"]
[Site "Cesme"]
[Date "2019.06.30"]
[Round "9"]
[White "Aydin, Akin"]
[Black "Cil, Batuhan"]
[Result "1-0"]
[ECO "A30"]
[WhiteElo "1726"]
[BlackElo "1740"]
[Annotator "NA"]
[PlyCount "93"]
[EventDate "2019.06.24"]
[EventType "swiss"]
[EventCountry "TUR"]
[SourceTitle "playchess.com"]
[Source "ChessBase"]
[SourceQuality "1"]
[TimeControl "5400+30"]

1. Nf3 Nf6 2. g3 g6 3. b3 Bg7 4. Bb2 b6 5. Bg2 Bb7 6. O-O O-O 7. c4 c5 8. Nc3 d6 9. d4 Nbd7 10. d5 a6 11. a4 Ne8 12. e4 Nc7 13. Qe2 Rb8 14. Rab1 Bc8 15. Bh3 b5 16. axb5 axb5 17. Nxb5 Nxb5 18. Bxg7 Kxg7 19. cxb5 Ne5 20. Bxc8 Nxf3+ 21. Qxf3 Qxc8 22. Qc3+ Kg8 23. Qd3 Qd7 24. b4 Rxb5 25. bxc5 Rxc5 26. Rfc1 Rfc8 27. Rxc5 Rxc5 28. Qd4 Qc8 29. Rb4 Qh3 30. Rb8+ Rc8 31. Rxc8+ Qxc8 32. Kg2 Qc2 33. Kf3 Qc5 34. Qxc5 dxc5 35. Ke3 Kg7 36. f4 f5 37. e5 Kf7 38. Kd3 Ke8 39. Kc4 Kd7 40. Kxc5 Kc7 41. e6 h6 42. h3 g5 43. h4 gxf4 44. gxf4 h5 45. Kc4 Kd6 46. Kd4 Kc7 47. Ke5 1-0

[Event "7th Cesme Open-B 2019"]
[Site "Cesme"]
[Date "2019.06.30"]
[Round "9"]
[White "Koker, Turan Sevki"]
[Black "Akcun, Fayik"]
[Result "1-0"]
[ECO "C02"]
[WhiteElo "1725"]
[BlackElo "1642"]
[Annotator "NA"]
[PlyCount "81"]
[EventDate "2019.06.24"]
[EventType "swiss"]
[EventCountry "TUR"]
[SourceTitle "playchess.com"]
[Source "ChessBase"]
[SourceQuality "1"]
[TimeControl "5400+30"]

1. e4 e6 2. d4 d5 3. e5 c5 4. c3 Nc6 5. Nf3 Bd7 6. a3 c4 7. Nbd2 Be7 8. Be2 Nh6 9. O-O O-O 10. h3 Nf5 11. g4 Nh4 12. Nxh4 Bxh4 13. f4 Be7 14. Nf3 f6 15. exf6 Bxf6 16. Qe1 g6 17. Bd1 Qe7 18. Bc2 Nd8 19. Kg2 Nf7 20. h4 Nd6 21. Rh1 Rf7 22. h5 gxh5 23. Rxh5 Bc6 24. Be3 Ne4 25. Qe2 Rg7 26. g5 Be8 27. Rh6 Qf8 28. Rah1 Be7 29. Bxe4 dxe4 30. Ne5 Bd6 31. Qxc4 Bxe5 32. Qxe6+ Bf7 33. Qxe5 Re8 34. Qf5 Be6 35. Qxf8+ Kxf8 36. Rxh7 Bg4 37. Rxg7 Kxg7 38. Rh6 Rh8 39. Rxh8 Kxh8 40. d5 Kg7 41. Bxa7 1-0